Map: Divergencia EE

Players

Blitzkrieg

  • Race: Terran Terran
  • League: Gold
  • Spawn Location: 5:00

GrajoSombrío

  • Race: Protoss Protoss
  • Spawn Location: 5:00

TATORREA - Winner!

  • Race: Protoss Protoss
  • League: Gold
  • Spawn Location: 11:00

MrFercho - Winner!

  • Race: Zerg Zerg
  • League: Silver
  • Spawn Location: 11:00

VOD

Have the link to the VOD?

Description

Time

  • Played on: July 12, 2020, 9:39 p.m.
  • Length: 26:20
Show
View Real Time Build Order
Export as new Build Order

Blitzkrieg Terran 

Build Orders:  

Get SALT Encoding   

  12  0:01  SCV  
  13  0:13  SCV  
  14  0:27  Supply Depot  
  14  0:29  SCV  
  14  0:33  Refinery  
  15  0:51  Barracks  
  15  0:56  SCV  
  16  1:08  SCV  
  17  1:20  SCV  
  18  1:49  Barracks Reactor  
  18  1:56  SCV  
  18  1:57  Refinery  
  19  2:06  Factory  
  19  2:08  SCV  
  20  2:23  SCV  
  20  2:29  Reaper x2  
  23  2:41  Orbital Command  
  23  2:45  Supply Depot  
  23  2:55  Factory Tech Lab  
  23  3:00  Starport  
  23  3:14  SCV  
  23  3:19  Siege Tank  
  27  3:21  Marine x2  
  27  3:26  SCV  
  30  3:39  Marine  
  31  4:24  Starport Reactor  
  31  4:26  Starport Tech Lab  
  31  4:30  SCV  
  31  4:32  Marine  
  31  4:38  Marine, Siege Tank  
  31  4:39  Supply Depot  
  31  4:43  SCV  
  36  4:50  Marine  
  37  4:55  SCV  
  37  4:56  Marine  
  39  5:03  Supply Depot  
  39  5:16  Starport  
  39  5:20  Starport  
  39  5:56  Starport Tech Lab  
  39  6:02  Starport, Factory  
  39  6:09  Starport Tech Lab  
  39  6:33  Command Center  
  39  6:40  Starport Tech Lab  
  39  6:45  Fusion Core  
  39  6:48  SCV  
  40  6:55  Engineering Bay  
  40  6:57  Cloaking Field  
  40  6:58  Hyperflight Rotors  
  40  7:00  SCV  
  41  7:06  Factory Tech Lab  
  41  7:12  SCV  
  42  7:23  Armory  
  42  7:24  SCV  
  43  7:36  SCV  
  44  7:40  Banshee x2  
  50  7:47  Orbital Command  
  50  7:48  SCV  
  50  7:49  Refinery  
  51  7:51  Refinery  
  51  7:56  Missile Turret  
  51  8:01  SCV  
  51  8:04  Missile Turret  
  52  8:13  SCV  
  52  8:18  Missile Turret  
  53  8:25  Missile Turret, SCV  
  54  8:28  Armory  
  54  8:32  Banshee x2  
  60  8:34  Weapon Refit  
  60  8:37  SCV  
  61  8:49  SCV  
  62  9:16  Command Center  
  62  9:25  Drilling Claws  
  62  9:29  Battlecruiser  
  62  9:31  Widow Mine  
  70  9:38  Widow Mine  
  72  9:39  Supply Depot  
  72  9:52  Widow Mine  
  74  9:59  Widow Mine  
  76  10:02  Terran Ship Weapons Level 1, Supply Depot  
  76  10:07  Starport  
  76  10:13  Widow Mine  
  78  10:20  Widow Mine  
  80  10:35  Widow Mine  
  82  10:41  Battlecruiser  
  82  10:42  Widow Mine  
  90  10:47  Refinery, Planetary Fortress  
  90  10:50  Refinery  
  90  10:56  Widow Mine  
  89  11:03  Widow Mine  
  61  11:42  Marine, SCV  
  61  11:43  Marine  
  64  11:54  SCV  
  65  12:00  Marine x2  
  67  12:06  SCV  
  68  12:16  SCV x2  
  68  12:18  SCV  
  71  12:28  SCV  
  71  12:29  SCV  
  73  12:30  Refinery, SCV  
  73  12:34  Refinery  
  74  12:40  SCV  
  74  12:41  SCV  
  74  12:42  SCV  
  77  12:47  Starport Tech Lab  
  77  12:53  SCV x2  
  77  12:54  SCV  
  80  13:00  Armory  
  80  13:05  SCV x2  
  82  13:06  SCV  
  83  13:17  SCV x2  
  83  13:18  SCV  
  86  13:30  SCV  
  86  13:31  Fusion Core  
  87  13:36  Widow Mine  
  87  13:37  Widow Mine  
  91  13:43  SCV  
  92  13:48  Engineering Bay  
  92  13:55  SCV  
  93  13:58  Widow Mine x2  
  93  14:00  Supply Depot  
  97  14:07  Terran Vehicle And Ship Armor Level 1, SCV, Terran Ship Weapons Level 2  
  98  14:19  Battlecruiser, Widow Mine x2, SCV  
  98  14:22  Battlecruiser  
  115  14:24  Supply Depot  
  115  14:27  Supply Depot  
  116  14:31  SCV  
  116  14:46  Battlecruiser x2, Widow Mine  
  116  14:47  Supply Depot  
  116  14:48  Battlecruiser  
  136  15:26  Command Center  
  76  15:58  Widow Mine  
  77  16:17  Widow Mine  
  77  16:19  Widow Mine  
  77  16:20  Battlecruiser x2  
  91  16:36  Raven  
  91  16:38  Widow Mine  
  95  16:40  Widow Mine  
  95  17:00  Widow Mine  
  97  17:01  Battlecruiser x2  
  97  17:02  Widow Mine  
  103  17:21  Widow Mine  
  105  17:23  Widow Mine  
  102  17:42  Widow Mine  
  104  17:46  Battlecruiser x2  
  116  17:53  Refinery  
  116  17:54  Planetary Fortress  
  116  17:55  Refinery  
  114  18:21  Widow Mine x2  
  106  18:42  Widow Mine x2  
  106  19:03  Widow Mine x2  
  97  19:25  Widow Mine x2, Refinery  
  101  19:38  Battlecruiser  
  107  19:46  Widow Mine x2  
  111  19:58  SCV x2  
  113  20:07  Widow Mine  
  113  20:08  Widow Mine  
  113  20:10  SCV x2  
  116  20:22  SCV x2  
  113  20:29  Widow Mine x2  
  113  20:34  SCV  
  110  20:50  Widow Mine x2  
  112  21:50  Orbital Command  
  94  22:55  Orbital Command  
  77  23:21  SCV x2  
  79  23:33  SCV x2  
  81  23:45  SCV x2  
  83  23:57  SCV  
  56  24:19  Battlecruiser x3  
  74  24:25  SCV x2  
  76  24:32  Refinery  
  76  24:37  SCV x2  
  23  25:29  Widow Mine x2  
  27  25:50  Widow Mine  
Show
View Real Time Build Order
Export as new Build Order

GrajoSombrío Protoss 

Build Orders: Carriers 

Get SALT Encoding   

  12  0:05  Probe  
  13  0:26  Pylon  
  13  0:34  Probe  
  14  0:38  Assimilator  
  14  0:42  Assimilator  
  14  0:46  Probe  
  15  0:56  Gateway  
  15  0:58  Probe  
  16  1:10  Probe  
  17  1:22  Probe  
  18  1:38  Forge  
  18  1:44  Pylon  
  18  1:46  Pylon  
  18  1:49  Pylon  
  18  2:13  Photon Cannon  
  18  2:16  Photon Cannon  
  18  2:19  Photon Cannon  
  18  2:20  Photon Cannon  
  18  2:24  Photon Cannon  
  18  2:32  Photon Cannon  
  18  2:47  Probe  
  18  2:55  Probe  
  18  3:05  Probe  
  20  3:15  Pylon  
  20  3:19  Pylon  
  20  3:40  Gateway  
  20  3:41  Cybernetics Core  
  20  3:43  Zealot  
  22  3:53  Gateway  
  22  3:55  Gateway  
  22  4:27  Twilight Council  
  22  4:30  Stargate  
  22  4:31  Probe  
  23  4:39  Probe  
  23  4:42  Warp Gate  
  23  4:43  Zealot  
  23  4:44  Zealot  
  23  4:45  Zealot  
  30  4:49  Probe  
  31  4:55  Robotics Facility  
  33  5:02  Sentry  
  33  5:12  Stargate  
  33  5:17  Probe  
  33  5:19  Photon Cannon  
  34  5:25  Phoenix  
  36  5:48  Fleet Beacon  
  36  5:51  Pylon  
  36  6:11  Pylon  
  36  6:26  Phoenix  
  36  6:51  Phoenix  
  38  6:56  Phoenix  
  38  7:20  Phoenix, Nexus  
  40  7:23  Phoenix  
  42  7:32  Protoss Air Weapons Level 1  
  42  7:48  Phoenix  
  44  8:37  Phoenix  
  44  8:38  Probe  
  46  8:41  Pylon  
  46  8:45  Pylon  
  46  8:46  Assimilator, Probe  
  47  8:49  Assimilator  
  48  8:56  Probe  
  49  9:08  Probe  
  48  9:20  Probe  
  45  10:00  Probe  
  46  10:09  Probe  
  47  10:18  Probe  
  48  10:29  Phoenix  
  48  10:30  Phoenix, Probe  
  53  10:43  Probe  
  54  10:54  Phoenix  
  54  10:55  Phoenix  
  50  11:07  Zealot x2  
  50  11:08  Zealot x2  
  54  11:31  Probe  
  55  11:42  Probe  
  56  11:50  Probe  
  56  11:58  Probe  
  57  12:02  Carrier x2  
  70  12:08  Probe  
  70  12:11  Protoss Air Weapons Level 2  
  71  12:16  Probe  
  72  12:24  Probe  
  73  12:36  Probe  
  74  12:42  Pylon  
  74  12:45  Pylon  
  74  12:48  Pylon, Probe  
  75  12:51  Pylon  
  75  12:56  Pylon  
  75  13:01  Pylon  
  75  13:06  Carrier  
  75  13:10  Pylon  
  81  13:13  Pylon  
  81  14:03  Protoss Shields Level 1  
  80  14:35  Carrier  
  80  14:36  Protoss Air Armor Level 1, Carrier  
  92  14:52  Nexus  
  92  14:57  Anion Pulse-Crystals  
  86  15:40  Carrier x2  
  91  15:52  Templar Archives  
  83  16:37  Observer  
  84  16:44  Carrier  
  81  17:48  Nexus  
  75  18:14  Carrier  
  63  18:49  Nexus  
  63  19:18  Carrier  
  69  19:27  Pylon  
  69  19:29  Pylon  
  69  19:40  Pylon  
  69  19:43  Protoss Air Weapons Level 3  
  69  19:58  Forge  
  54  20:23  Carrier  
  57  20:33  Assimilator  
  57  20:38  Assimilator, Probe  
  57  20:39  Psionic Storm  
  58  20:46  Probe  
  58  20:56  Probe  
  60  21:08  Probe  
  58  21:27  Carrier  
  54  21:34  Probe  
  55  22:11  Nexus  
  55  22:31  Carrier  
  61  22:38  Protoss Air Armor Level 2  
Show
View Real Time Build Order
Export as new Build Order

TATORREA Protoss - Winner!

Build Orders: 1 Gate Expand 

Get SALT Encoding   

  12  0:02  Probe  
  14  0:14  Probe  
  14  0:23  Pylon  
  14  0:26  Probe  
  15  0:41  Probe  
  16  0:51  Gateway  
  16  0:53  Probe  
  17  1:05  Probe  
  17  1:10  Assimilator  
  18  1:13  Probe  
  18  1:15  Pylon  
  19  1:21  Probe  
  20  1:31  Probe  
  21  1:42  Nexus  
  21  1:48  Pylon  
  21  1:49  Probe  
  23  2:01  Probe  
  23  2:13  Probe  
  24  2:42  Zealot  
  25  3:01  Probe  
  25  3:02  Probe  
  27  3:26  Cybernetics Core  
  27  3:28  Gateway  
  27  3:30  Gateway  
  27  3:37  Assimilator  
  24  3:51  Probe  
  24  3:52  Probe  
  26  3:57  Stalker, Warp Gate  
  26  4:03  Probe  
  26  4:19  Probe x2  
  27  4:29  Probe  
  26  4:31  Probe  
  26  4:37  Probe  
  28  4:43  Probe  
  30  4:45  Probe  
  30  4:47  Stalker x2  
  30  4:48  Stalker  
  37  4:56  Probe  
  37  4:58  Probe  
  39  5:08  Probe  
  39  5:10  Stargate  
  39  5:11  Probe  
  41  5:19  Nexus  
  41  5:20  Probe  
  42  5:23  Pylon  
  42  5:28  Pylon  
  42  5:34  Probe  
  42  5:35  Assimilator, Probe  
  44  5:39  Assimilator  
  44  5:46  Probe  
  44  5:47  Probe  
  46  5:58  Probe  
  46  5:59  Probe  
  48  6:10  Stalker x3, Probe  
  55  6:11  Probe  
  56  6:26  Probe x2  
  58  6:38  Probe x2  
  60  6:40  Pylon  
  60  6:45  Pylon  
  60  6:48  Pylon, Probe  
  60  6:50  Probe x2  
  60  6:52  Pylon  
  63  6:57  Assimilator  
  63  6:59  Phoenix  
  63  7:00  Probe  
  66  7:02  Assimilator  
  66  7:04  Probe x2  
  66  7:07  Robotics Facility  
  66  7:08  Stalker x3  
  74  7:09  Stargate  
  74  7:12  Probe  
  75  7:25  Probe x3  
  75  7:29  Nexus  
  78  7:30  Pylon  
  78  7:33  Pylon  
  78  7:35  Stalker  
  78  7:37  Stalker, Probe x3  
  82  7:38  Zealot  
  87  7:47  Twilight Council  
  87  7:49  Phoenix, Probe x2  
  87  7:51  Probe  
  92  8:01  Probe x2  
  92  8:03  Probe  
  95  8:28  Probe x2  
  95  8:29  Probe  
  98  8:40  Probe x2  
  98  8:41  Gateway, Probe  
  101  8:42  Gateway  
  101  8:44  Gateway  
  101  8:47  Gateway  
  101  8:49  Gateway  
  101  8:52  Probe  
  101  8:53  Probe  
  101  8:54  Gateway  
  101  8:55  Stalker x3  
  107  8:57  Gateway  
  107  8:59  Gateway  
  107  9:00  Void Ray, Phoenix  
  107  9:01  Gateway  
  115  9:18  Blink  
  111  9:25  Phoenix  
  113  9:42  Void Ray  
  106  10:05  Stalker x2  
  106  10:06  Stalker x4  
  106  10:07  Stalker x3  
  120  10:09  Phoenix  
  124  10:24  Observer  
  125  10:32  Forge  
  116  10:35  Phoenix  
  116  10:36  Forge  
  116  10:37  Phoenix  
  116  10:39  Forge, Templar Archives  
  111  10:43  Stalker x3  
  115  11:00  Phoenix  
  117  11:24  Nexus  
  117  11:26  Pylon  
  117  11:29  Pylon  
  117  11:31  Pylon  
  117  11:34  Pylon  
  117  11:36  Pylon  
  117  11:40  Pylon  
  117  11:42  Nexus  
  117  11:43  Pylon  
  117  11:44  Pylon, Phoenix x2, Probe x3  
  117  11:45  Pylon  
  124  11:47  Pylon  
  124  11:55  Protoss Air Weapons Level 1  
  124  11:56  Probe x3  
  127  12:08  Probe x3  
  127  12:09  Pylon, Phoenix x2  
  127  12:12  Pylon  
  134  12:16  Pylon  
  134  12:20  Probe x3  
  137  12:45  Probe x3  
  137  12:46  Probe  
  141  12:56  Stalker x4  
  141  12:57  Stalker x4, Probe x2  
  141  12:58  Stalker, Probe x2  
  163  13:02  Assimilator  
  163  13:07  Probe  
  164  13:14  Assimilator  
  164  13:19  Probe  
  165  13:20  Assimilator  
  165  13:31  Probe  
  165  13:32  Phoenix  
  165  13:33  Phoenix  
  170  13:43  Probe  
  171  13:54  Assimilator  
  172  13:55  Probe  
  172  13:57  Phoenix  
  172  13:58  Phoenix  
  172  14:00  Protoss Air Armor Level 1  
  176  14:06  Probe  
  176  14:07  Probe x3  
  180  14:16  Probe  
  181  14:18  Probe  
  181  14:19  Probe x2  
  184  14:27  Gateway  
  184  14:29  Gateway  
  184  14:30  Gateway  
  184  14:32  Gateway, Probe x3  
  184  14:34  Gateway  
  184  14:37  Gateway  
  187  14:44  Protoss Ground Armor Level 1, Protoss Ground Weapons Level 1  
  187  14:45  Protoss Shields Level 1  
  187  14:48  Fleet Beacon  
  187  14:56  Void Ray x2  
  187  14:59  Cybernetics Core  
  195  15:01  Gateway  
  195  15:03  Gateway  
  195  15:04  Gateway  
  195  15:09  Stalker x2  
  139  16:16  Phoenix  
  139  16:17  Phoenix  
  132  16:20  Stalker x3  
  132  16:21  Stalker x4  
  132  16:22  Stalker x3  
  132  16:23  Stalker x3  
  132  16:24  Stalker x4  
  132  16:25  Stalker x4  
  146  16:41  Phoenix  
  146  16:42  Phoenix  
  150  16:56  Protoss Air Weapons Level 2  
  150  16:59  Protoss Air Armor Level 2  
  138  17:06  Phoenix x2  
  98  17:26  Stalker  
  98  17:27  Stalker x5  
  98  17:28  Stalker x4  
  98  17:29  Stalker x4  
  116  17:30  Stalker  
  116  17:31  Phoenix x2  
  122  17:56  Phoenix x2  
  126  18:01  Stalker  
  126  18:02  Stalker x4  
  126  18:03  Stalker x4  
  126  18:04  Stalker x3  
  150  18:20  Stalker  
  150  18:21  Stalker x2, Phoenix x2  
  147  18:46  Phoenix x2  
  89  19:20  Stalker x3  
  89  19:21  Stalker x3  
  89  19:22  Stalker x4  
  89  19:23  Stalker x2  
  89  19:24  Stalker x2  
  113  19:25  Stalker x5  
  113  19:26  Stalker  
  123  19:45  Stalker  
  123  19:46  Stalker x4  
  123  19:47  Stalker x4  
  123  19:48  Stalker x2  
  123  19:51  Pylon  
  123  19:52  Pylon, High Templar x3  
  149  19:53  High Templar  
  149  19:54  High Templar  
  149  19:55  High Templar  
  149  19:56  Nexus  
  149  19:57  Archon x2  
  131  20:45  Stalker  
  131  20:46  Stalker x4  
  131  20:47  Stalker x2  
  146  20:50  Observer  
  146  21:03  High Templar x3  
  146  21:04  High Templar x4  
  156  21:05  High Templar x5  
  156  21:06  High Templar  
  156  21:09  Archon x3  
  156  21:10  Archon x3  
  156  21:11  Archon, Observer  
  173  21:12  Protoss Shields Level 2, Protoss Ground Armor Level 2, Protoss Ground Weapons Level 2  
  173  21:15  High Templar x5  
  173  21:16  High Templar x2  
  187  21:19  Archon x2  
  187  21:20  Archon  
  187  21:21  Archon  
  187  21:28  Assimilator  
  187  21:29  Assimilator  
  188  21:33  Observer  
  188  21:37  Phoenix  
  188  21:39  Protoss Air Weapons Level 3  
  190  21:42  Protoss Air Armor Level 3  
  191  21:54  Observer  
  191  22:07  Stalker x3  
  191  22:08  Stalker  
  199  22:14  Nexus  
  93  22:59  Stalker x2  
  93  23:00  Stalker x4  
  93  23:01  Stalker x4  
  93  23:02  Stalker x4  
  93  23:03  Stalker  
  111  23:08  High Templar x5  
  111  23:12  Archon x2  
  121  23:20  Phoenix x2  
  125  23:44  Stalker x3  
  125  23:45  Stalker x3, Phoenix x2  
  125  23:46  Stalker x3  
  125  23:47  Stalker x2, Assimilator  
  125  23:48  Stalker  
  153  23:49  Stalker  
  153  23:50  Stalker  
  153  23:52  Assimilator  
  137  24:26  Stalker x3  
  137  24:27  Stalker x4  
  137  24:28  Stalker x5  
  137  24:29  Stalker  
  153  25:40  Phoenix x2  
Show
View Real Time Build Order
Export as new Build Order

MrFercho Zerg - Winner!

Build Orders: Hatch First 

Get SALT Encoding   

  12  0:01  Drone  
  13  0:13  Overlord  
  13  0:17  Drone  
  14  0:31  Drone x2  
  16  0:52  Drone  
  16  0:56  Drone  
  18  1:06  Extractor  
  17  1:14  Hatchery, Spawning Pool  
  17  1:16  Drone  
  16  1:20  Drone  
  16  1:24  Drone  
  18  1:30  Drone  
  19  1:39  Drone  
  20  1:50  Drone  
  21  2:02  Overlord  
  21  2:14  Zergling x2  
  22  2:20  Queen  
  24  2:30  Zergling x4  
  26  2:55  Drone x4  
  30  2:59  Metabolic Boost  
  30  3:02  Queen  
  30  3:05  Drone x2  
  34  3:06  Drone  
  35  3:14  Overlord  
  35  3:17  Drone  
  35  3:39  Drone x5  
  40  3:44  Zergling x4  
  42  4:08  Drone x2  
  44  4:15  Overlord x3  
  43  4:39  Drone  
  43  4:40  Drone x10  
  43  4:44  Extractor  
  53  4:47  Extractor  
  52  4:59  Hatchery, Evolution Chamber  
  50  5:01  Lair  
  50  5:03  Baneling Nest  
  49  5:12  Evolution Chamber  
  48  5:16  Drone x3  
  48  5:19  Zergling x16  
  48  5:20  Queen  
  61  5:36  Drone x5  
  66  5:44  Zerg Melee Weapons Level 1, Zerg Ground Armor Level 1  
  66  6:10  Spore Crawler  
  65  6:18  Spore Crawler  
  64  6:23  Hydralisk Den  
  64  6:25  Extractor, Drone  
  63  6:42  Hatchery  
  62  6:52  Zergling x6  
  62  6:54  Nydus Network, Overlord x4  
  64  7:00  Overlord  
  64  7:01  Overlord x4  
  64  7:16  Overseer  
  64  7:22  Overseer  
  64  7:23  Grooved Spines  
  64  7:29  Centrifical Hooks  
  64  7:30  Infestation Pit  
  64  7:32  Baneling x6  
  64  7:34  Hydralisk x2  
  64  7:36  Zergling x6  
  64  7:37  Zergling x8  
  74  8:10  Extractor  
  73  8:13  Extractor  
  73  8:17  Zergling x12  
  73  8:18  Zergling x6  
  81  8:20  Zerg Melee Weapons Level 2  
  81  8:21  Zerg Ground Armor Level 2  
  81  8:26  Drone x3  
  84  8:34  Drone x2  
  86  8:35  Muscular Augments, Drone  
  86  8:36  Drone  
  86  8:40  Hive  
  88  8:45  Baneling x2  
  88  8:53  Baneling x3  
  88  8:54  Baneling x3  
  88  8:55  Baneling  
  88  9:01  Hydralisk  
  90  9:21  Drone  
  90  9:22  Drone x14  
  105  9:27  Extractor x2  
  103  9:48  Overlord x5  
  103  9:49  Overlord x3  
  103  9:59  Overlord x4  
  103  10:00  Overlord  
  103  10:07  Hydralisk x5  
  103  10:08  Hydralisk x8  
  129  10:32  Nydus Canal  
  129  10:36  Zergling x2  
  129  10:37  Zergling x28  
  126  11:27  Zergling x32  
  126  11:28  Zergling x6  
  126  11:49  Adrenal Glands  
  126  11:52  Zerg Melee Weapons Level 3  
  126  11:53  Zerg Missile Weapons Level 1  
  125  11:59  Spire  
  124  12:14  Hydralisk  
  124  12:15  Hydralisk x15  
  156  12:24  Hatchery  
  156  12:27  Overlord x4  
  156  12:28  Overlord  
  155  12:31  Queen  
  157  12:44  Drone x9  
  166  12:53  Overseer  
  166  12:58  Spore Crawler  
  163  13:00  Spore Crawler  
  162  13:07  Queen  
  162  13:08  Spore Crawler  
  162  13:11  Spore Crawler  
  160  13:15  Baneling x4  
  160  13:16  Baneling x27  
  160  13:17  Baneling x7  
  158  13:22  Spore Crawler  
  157  13:31  Drone  
  157  13:32  Drone x15  
  160  13:42  Spore Crawler  
  158  13:48  Spore Crawler  
  158  13:55  Zergling x16  
  165  14:00  Zerg Ground Armor Level 3  
  165  14:07  Greater Spire  
  165  14:15  Lurker Den  
  164  14:27  Hydralisk  
  164  14:28  Hydralisk x8  
  164  14:29  Zerg Missile Weapons Level 2  
  182  14:34  Drone  
  182  14:35  Drone x4  
  187  14:41  Drone  
  187  14:42  Drone x4  
  192  14:56  Hydralisk x4  
  192  14:59  Extractor  
  199  15:01  Extractor  
  141  15:59  Lurker x4  
  141  16:00  Lurker x3  
  141  16:01  Lurker x2  
  141  16:02  Lurker x5  
  141  16:03  Lurker x5  
  141  16:04  Lurker x4  
  155  16:23  Seismic Spines  
  155  16:24  Zergling x2  
  155  16:25  Zergling x28  
  139  16:55  Hydralisk  
  139  16:56  Hydralisk x10  
  158  17:20  Adaptive Talons  
  131  17:36  Hydralisk  
  119  17:37  Hydralisk x14  
  119  17:41  Baneling x17  
  119  17:42  Baneling x7  
  146  17:53  Overlord x4  
  134  18:08  Corruptor  
  134  18:09  Corruptor x5  
  117  18:49  Zergling x30  
  112  19:25  Zerg Flyer Armor Level 1  
  112  19:28  Overseer x2  
  103  19:52  Baneling  
  103  19:53  Baneling x11  
  103  19:59  Zergling x20  
  116  20:00  Zergling x16  
  120  20:18  Hatchery  
  114  20:26  Hatchery  
  114  20:27  Corruptor x11  
  135  20:53  Baneling x21  
  135  20:54  Baneling x15  
  135  20:58  Extractor, Zerg Missile Weapons Level 3  
  135  21:00  Extractor  
  132  21:21  Corruptor x5  
  132  21:22  Corruptor x6  
  137  21:41  Corruptor x4  
  123  22:06  Zergling x16  
  123  22:07  Zergling x22  
  123  22:08  Zergling x2  
  143  22:19  Overseer x2  
  136  23:12  Zerg Flyer Armor Level 2  
  123  23:25  Spore Crawler x2  
  123  23:26  Spore Crawler  
  120  23:30  Corruptor x14, Spore Crawler  
  132  24:00  Corruptor x4  
  56  25:07  Corruptor x7  
  56  25:08  Corruptor x3  
  56  25:09  Corruptor  
  78  25:30  Corruptor  
  78  25:31  Corruptor x2  
  84  25:42  Corruptor  
Tags
 
Add a new tag
Caveats
  • Supply blocks, unpowered buildings, or Contaminate may cause inaccurate times.
  • Supply counts are checked every 10 seconds.